 Dungeon Crawl Stone Soup version 0.16.0-11-gd45b091 (webtiles) character file.

139 Zugr the Skirmisher (level 5, -2/52 HPs)
             Began as a Gargoyle Berserker on Mar 18, 2015.
             Was a Priest of Trog.
             Slain by heinrich's ghost (13 damage)
             ... on level 6 of the Dungeon.
             The game lasted 00:07:51 (1925 turns).

Zugr the Skirmisher (Gargoyle Berserker)            Turns: 1925, Time: 00:07:52

Health: -2/52      AC:  9    Str: 25    XL:     5   Next: 22%
Magic:  5/5        EV: 11    Int:  8    God:    Trog [***...]
Gold:   151        SH:  0    Dex: 10    Spells: 0 memorised, 4 levels left

rFire  . . .     SeeInvis .     a - +0 hand axe
rCold  . . .     Clarity  .     d - +0 ring mail
rNeg   + . .     SustAb   .     (no shield)
rPois  ∞         Gourm    .     (no helmet)
rElec  +         Spirit   .     (no cloak)
rCorr  .         Warding  .     (no gloves)
rMut   .         Stasis   .     (no boots)
MR     .....                    (no amulet)
Stlth  ..........               (no ring)
                                (no ring)

@: berserking, very quick, not resistant to hostile enchantments, extremely
unstealthy
A: negative energy resistance 1, electricity resistance, unbreathing,
petrification resistance, rot immunity, AC +4
a: Burn Spellbooks, Berserk, Trog's Hand, Renounce Religion


You were on level 6 of the Dungeon.
You worshipped Trog.
Trog was most pleased with you.
You were hungry.

You visited 1 branch of the dungeon, and saw 5 of its levels.

You collected 151 gold pieces.

Inventory:

Hand weapons
 a - a +0 hand axe (weapon)
Armour
 d - a +0 ring mail (worn)
Scrolls
 b - 3 scrolls of remove curse {unknown}
 e - 3 scrolls of identify {unknown}
 k - a scroll of fog {unknown}
 n - 2 scrolls of blinking {unknown}
 o - a scroll of recharging {unknown}
Potions
 i - 2 potions of haste {unknown}
 j - a potion of curing {unknown}
 l - a potion of might {unknown}
Comestibles
 c - 4 bread rations
 f - a beef jerky
 g - a meat ration
 h - a slice of pizza
 m - 3 fruits


   Skills:
 + Level 5.0 Fighting
 + Level 4.1 Axes
 - Level 2.1 Armour
 - Level 1.5 Dodging


You had 4 spell levels left.
You didn't know any spells.

Dungeon Overview and Level Annotations

Branches:
Dungeon (6/15)
 Temple: D:4-7

Altars:
Cheibriados
Kikubaaqudgha

Annotations:
D:6 heinrich's ghost, experienced FoHu


Innate Abilities, Weirdness & Mutations

You are resistant to torment.
You are immune to poison.
Your stone body is very resilient (AC +4).
You resist negative energy.
You are resistant to electric shocks.
You can survive without breathing.
You are immune to petrification.
You are immune to rotting.


Message History

You feel yourself moving faster!
You feel mighty!
You are feeling hungry.
Heinrich's ghost closely misses you.
You are too berserk!
You barely miss heinrich's ghost. Heinrich's ghost hits you.
You hit heinrich's ghost.
Heinrich's ghost is lightly damaged.
You closely miss heinrich's ghost.
Heinrich's ghost is lightly damaged.
Heinrich's ghost hits you!
You slash heinrich's ghost!!
Heinrich's ghost is moderately damaged.
Heinrich's ghost hits you.
* * * LOW HITPOINT WARNING * * *
You closely miss heinrich's ghost.
Heinrich's ghost is moderately damaged.
You closely miss heinrich's ghost.
Heinrich's ghost is moderately damaged.
Heinrich's ghost hits you!
You die...

#..# ##+###+##..# ..
#....#.....# ....
#....+.....##...|
#....#...........
#....#............
###.##.##..##....
....###.##'##††##.....
+...........#.@........
...........+.W........
#..######+###..####+#
## #..# ..!. .....
..... ......# #..


You could see heinrich's ghost.

Vanquished Creatures
  3 gnolls (D:2)
  An adder (D:3)
  3 giant mites (D:3)
  A worm (D:2)
  A ball python (D:3)
  8 bats
  4 giant cockroaches
  5 hobgoblins
  9 jackals
  7 kobolds
  4 quokkas
  4 giant geckos
  4 giant newts
  7 goblins
  A quokka skeleton (D:3)
  5 rats
67 creatures vanquished.

Notes
Turn   | Place    | Note
--------------------------------------------------------------
     0 | D:1      | Zugr, the Gargoyle Berserker, began the quest for the Orb.
     0 | D:1      | Reached XP level 1. HP: 14/14 MP: 1/1
   122 | D:1      | Reached XP level 2. HP: 13/19 MP: 2/2
   447 | D:1      | Acquired Trog's second power
   650 | D:1      | Reached XP level 3. HP: 24/24 MP: 3/3
  1024 | D:2      | Reached skill level 4 in Fighting
  1031 | D:2      | Reached XP level 4. HP: 20/29 MP: 4/4
  1157 | D:2      | Found a snail-covered altar of Cheibriados.
  1262 | D:2      | Found an ancient bone altar of Kikubaaqudgha.
  1665 | D:3      | Reached XP level 5. HP: 30/34 MP: 5/5
  1899 | D:4      | You fall through a shaft for 2 floors!
  1911 | D:6      | Reached skill level 5 in Fighting
  1913 | D:6      | Noticed heinrich's ghost (experienced FoHu)
  1925 | D:6      | Slain by heinrich's ghost

Action                   |  1- 3 |  4- 6 || total
-------------------------+-------+-------++-------
Melee: Hand axe          |    64 |   116 ||   180
Invok: Berserk           |       |     1 ||     1
  Eat: Chunk             |       |     3 ||     3
